[Event "Team 45 45 League T59"]
[Site "Internet Chess Club"]
[Date "2013.12.20"]
[Round "5"]
[White "oldway"]
[Black "QuieroAprender"]
[Result "1-0"]
[WhiteElo "1802"]
[BlackElo "1698"]
[Opening "Giuoco Piano"]
[ECO "C54"]
[Time "17:22:17"]
[TimeControl "2700+45"]

1. e4 e5 2. Nf3 Nc6 3. Bc4 Bc5 4. c3 Nf6 5. d4 exd4 6. cxd4 Bb4+ 7. Bd2 Bxd2+ 8.
Nbxd2 O-O 9. e5 Ne8 10. O-O d5 11. Bb3 Bg4 12. h3 Bh5 13. g4 Bg6 14. Bc2 Nb4 15.
Bxg6 hxg6 16. a3 Nd3 17. Nb3 Nxb2 18. Qc2 Nc4 19. Rfe1 c6 20. Nfd2 b6 21. Nxc4
dxc4 22. Qxc4 Qd5 23. Rac1 Qxc4 24. Rxc4 Rc8 25. Rec1 c5 26. dxc5 bxc5 27. Rxc5
Rb8 28. Nd4 Rb7 29. f4 f6 30. Ne6 Rff7 31. Nd8 fxe5 32. Nxf7 Kxf7 33. fxe5 Ke6
34. Kf2 Rb3 35. R1c3 Rb2+ 36. Ke3 Rh2 37. Kf4 Rf2+ 38. Kg5 Re2 39. Kxg6 Rxe5 40.
Rxe5+ Kxe5 41. Re3+ {Black resigns} 1-0

[Event "Team 45 45 League T59"]
[Site "Internet Chess Club"]
[Date "2013.12.21"]
[Round "5"]
[White "isolani"]
[Black "SATELLITE-DAN"]
[Result "1-0"]
[WhiteElo "1606"]
[BlackElo "1550"]
[Opening "Réti opening"]
[ECO "A05"]
[Time "16:00:47"]
[TimeControl "2700+45"]

1. Nf3 Nf6 2. g3 d5 3. Bg2 Nc6 4. d4 e6 5. O-O Bd6 6. c4 dxc4 7. Nc3 O-O 8. Qa4
e5 9. dxe5 Nxe5 10. Nxe5 Bxe5 11. Qxc4 c6 12. Rd1 Qc7 13. Bg5 Be6 14. Qa4 Qb6
15. Qc2 Ng4 16. e3 f5 17. Na4 Qc7 18. Nc5 Qf7 19. Nxe6 Qxe6 20. Qb3 Qxb3 21.
axb3 Bxb2 22. Ra2 Bf6 23. Bf4 Be5 24. Bg5 h6 25. Be7 Rfe8 26. Rd7 Kf7 27. Bc5+
Kg6 28. Rxb7 Red8 29. b4 Rd1+ 30. Bf1 Bf6 31. Kg2 Nxh2 32. Be2 {Black resigns}
1-0

[Event "Team 45 45 League T59"]
[Site "Internet Chess Club"]
[Date "2013.12.21"]
[Round "5"]
[White "Tjet"]
[Black "Andressa"]
[Result "1-0"]
[WhiteElo "1564"]
[BlackElo "1454"]
[Opening "English opening"]
[ECO "A21"]
[Time "15:03:47"]
[TimeControl "2700+45"]

1. c4 e5 2. Nc3 d6 3. g3 Nf6 4. Bg2 Be7 5. d4 exd4 6. Qxd4 Nc6 7. Qd1 O-O 8. Nf3
h6 9. O-O Bf5 10. Nd4 Qd7 11. Nxc6 bxc6 12. Qa4 d5 13. cxd5 cxd5 14. Qxd7 Bxd7
15. Nxd5 Nxd5 16. Bxd5 Rab8 17. b3 Bf6 18. Rb1 Rfe8 19. Be3 a5 20. Rbc1 Be5 21.
Bc6 Red8 22. Bxd7 Rxd7 23. Rc5 Bb2 24. Rxa5 Rbd8 25. Rc5 Ba3 26. Rc2 Kh7 27. h4
Kg6 28. Kg2 f5 29. Bf4 Rc8 30. Bc1 Bd6 31. Rd1 Re8 32. e3 Rb8 33. Ba3 Rb6 34.
Bxd6 cxd6 35. Rdc1 Ra6 36. a4 Rb7 37. Rc3 Kf6 38. Rc6 Ra5 39. Rxd6+ Ke5 40. Rd3
Ke4 41. Rdc3 g5 42. f3+ Ke5 43. hxg5 hxg5 44. Rc5+ {Black resigns} 1-0

[Event "Team 45 45 League T59"]
[Site "Internet Chess Club"]
[Date "2013.12.26"]
[Round "5"]
[White "Stiltzkin"]
[Black "chess9397"]
[Result "1/2-1/2"]
[WhiteElo "1652"]
[BlackElo "1826"]
[Opening "Neo-Grünfeld defense"]
[ECO "D70"]
[Time "13:01:23"]
[TimeControl "2700+45"]

1. d4 Nf6 2. c4 g6 3. f3 d5 4. cxd5 Nxd5 5. e4 Nb6 6. Nc3 Bg7 7. Be3 O-O 8. Qd2
Nc6 9. O-O-O a6 10. h4 e5 11. d5 Nd4 12. h5 Qd6 13. hxg6 Qxg6 14. Nge2 Nc4 15.
Qd3 Nxe3 16. Qxe3 Qb6 17. Kb1 Bd7 18. Qg5 Qg6 19. Qxg6 fxg6 20. Nxd4 exd4 21.
Ne2 c5 22. dxc6 Bxc6 23. Nxd4 Bxd4 {Game drawn by mutual agreement} 1/2-1/2

[Event "Team 45 45 League T59"]
[Site "Internet Chess Club"]
[Date "2013.12.23"]
[Round "5"]
[White "DouDou"]
[Black "DaveTheRook"]
[Result "1-0"]
[WhiteElo "1899"]
[BlackElo "1651"]
[Opening "Robatsch defense: two knights variation"]
[ECO "B06"]
[Time "19:20:14"]
[TimeControl "2700+45"]

1. e4 g6 2. d4 d6 3. Nf3 Bg7 4. Nc3 Nd7 5. Bc4 e6 6. O-O Nb6 7. Bb3 Ne7 8. Bf4
Bd7 9. Qd2 h6 10. Rfe1 Nc6 11. d5 Na5 12. dxe6 fxe6 13. e5 d5 14. Qd3 Kf7 15.
Nd4 Nxb3 16. cxb3 a6 17. Re3 g5 18. Bg3 Qe7 19. Rf3+ Kg8 20. Re1 c5 21. Nc2 Be8
22. a4 Bh5 23. Rfe3 d4 24. Nxd4 cxd4 25. Qxd4 Nd7 26. Rd3 Nc5 27. Qb4 Re8 28.
Rd6 Qc7 29. Rc1 Bf8 30. Ne4 Bxd6 31. exd6 Nd3 32. Nf6+ Kf7 33. Rxc7+ Kxf6 34.
Qd4+ {Black resigns} 1-0

[Event "Team 45 45 League T59"]
[Site "Internet Chess Club"]
[Date "2013.12.22"]
[Round "5"]
[White "pokerram"]
[Black "ilovechess"]
[Result "1-0"]
[WhiteElo "1716"]
[BlackElo "1472"]
[Opening "Ruy Lopez: closed, anti-Marshall 8.a4"]
[ECO "C88"]
[Time "14:01:20"]
[TimeControl "2700+45"]

1. e4 e5 2. Nf3 Nc6 3. Bb5 a6 4. Ba4 Nf6 5. O-O Be7 6. Re1 b5 7. Bb3 O-O 8. a4
Rb8 9. d3 d6 10. h3 Be6 11. Bxe6 fxe6 12. d4 exd4 13. Nxd4 Qd7 14. axb5 axb5 15.
Bg5 e5 16. Nf5 Rf7 17. Nc3 b4 18. Na4 Ra8 19. c3 bxc3 20. bxc3 Raf8 21. Bxf6
Rxf6 22. Nc5 Qc8 23. Na6 Bd8 24. Qd5+ Kh8 25. Qxc6 g6 26. Nh6 Rxf2 27. Rf1 Bh4
28. Ng4 R2f7 29. Rxf7 Rxf7 30. Nb4 Qf8 31. Ra8 Bd8 32. Qc4 d5 33. Nxd5 c6 34.
Nde3 Rd7 35. Nxe5 Rd1+ 36. Nxd1 Bb6+ 37. Kh1 Qxa8 38. Qf7 Qd8 39. Nd7 Ba5 40.
Qf8+ Qxf8 41. Nxf8 Kg7 42. Ne6+ Kf6 43. Nc5 Ke5 44. Nb3 Bb6 45. g3 Kxe4 46. Kg2
Kd3 47. Nd4 Bxd4 48. cxd4 Kxd4 49. Kf3 c5 50. Ne3 c4 51. g4 h6 52. h4 c3 53. Ke2
Kc5 54. Kd3 Kb4 55. Kc2 g5 56. h5 Kc5 57. Nf5 Kd5 58. Nxh6 Ke5 59. Kxc3 Kf4 60.
Kd4 Kg3 61. Ke4 Kh4 62. Kf3 Kh3 63. Nf5 Kh2 64. h6 Kg1 65. h7 Kf1 66. h8=Q Ke1
67. Qb2 Kd1 68. Ne3+ Ke1 69. Qe2# {Black checkmated} 1-0

[Event "Team 45 45 League T59"]
[Site "Internet Chess Club"]
[Date "2013.12.21"]
[Round "5"]
[White "ani"]
[Black "pcvan"]
[Result "0-1"]
[WhiteElo "1269"]
[BlackElo "1469"]
[Opening "French: advance, Paulsen attack"]
[ECO "C02"]
[Time "12:00:41"]
[TimeControl "2700+45"]

1. e4 e6 2. d4 d5 3. e5 c5 4. Nf3 Nc6 5. c3 Qb6 6. Be2 cxd4 7. cxd4 Nh6 8. h3
Nf5 9. Nc3 Nfxd4 10. Nxd4 Nxd4 11. Be3 Bc5 12. Rb1 Nxe2 13. Bxc5 Nxc3 14. bxc3
Qxc5 15. Qa4+ Qc6 16. Qd4 Qa6 17. a4 O-O 18. Rb5 Bd7 19. Rb4 Rfc8 20. f4 b5 21.
axb5 Qa1+ {White resigns} 0-1

[Event "Team 45 45 League T59"]
[Site "Internet Chess Club"]
[Date "2013.12.21"]
[Round "5"]
[White "nidusin2"]
[Black "AVEMARIA"]
[Result "1-0"]
[WhiteElo "1653"]
[BlackElo "1651"]
[Opening "Caro-Kann: two knights variation"]
[ECO "B11"]
[Time "07:30:42"]
[TimeControl "2700+45"]

1. e4 c6 2. Nc3 d5 3. Nf3 dxe4 4. Nxe4 Nf6 5. Nxf6+ exf6 6. d4 Be6 7. Bd3 Bd6 8.
O-O O-O 9. c4 Qc7 10. Qc2 g6 11. Bh6 Rd8 12. h3 Bf4 13. Bxf4 Qxf4 14. Qe2 Na6
15. a3 Re8 16. Qe3 Qc7 17. Qh6 Qe7 18. Rfe1 Qf8 19. Qf4 Qg7 20. Re2 Rac8 21.
Rae1 Nc7 22. Nd2 f5 23. Nf3 f6 24. d5 cxd5 25. Nd4 dxc4 26. Nxe6 Nxe6 27. Bxc4
Kh8 28. Rxe6 Rxe6 29. Rxe6 Qc7 30. Re8+ {Black resigns} 1-0

[Event "Team 45 45 League T59"]
[Site "Internet Chess Club"]
[Date "2013.12.21"]
[Round "5"]
[White "Egmont"]
[Black "Ajolote"]
[Result "1-0"]
[WhiteElo "1789"]
[BlackElo "1571"]
[Opening "Queen's pawn, Mason variation"]
[ECO "D00"]
[Time "12:00:43"]
[TimeControl "2700+45"]

1. d4 d5 2. Bf4 Nf6 3. e3 Bf5 4. Nf3 e6 5. Be2 Be7 6. h3 Be4 7. Nbd2 Bxf3 8.
Nxf3 Nbd7 9. O-O O-O 10. c4 dxc4 11. Bxc4 Nb6 12. Bd3 Nfd5 13. Bg3 Bd6 14. Be5
Bxe5 15. Nxe5 Nd7 16. Nf3 N7b6 17. Rc1 c6 18. Qe2 Ne7 19. Bxh7+ Kxh7 20. Ng5+
Kh6 21. Rc5 Nf5 22. f4 Nxd4 23. Nxf7+ Kg6 24. Qh5+ Kf6 25. Nxd8 Raxd8 26. exd4
Ke7 27. Qe5 Nd7 28. Qg5+ Rf6 29. Rcc1 Kf7 30. Rce1 Re8 31. f5 exf5 32. Rxe8 Kxe8
33. Qxg7 Rf7 34. Re1+ Kd8 35. Qxf7 Kc8 36. Re8+ Kc7 37. Re7 Kb6 38. Rxd7 a6 39.
Qb3+ Ka5 40. Rxb7 c5 41. Qa3# {Black checkmated} 1-0

[Event "Team 45 45 League T59"]
[Site "Internet Chess Club"]
[Date "2013.12.20"]
[Round "5"]
[White "calily"]
[Black "Kingofknights"]
[Result "1-0"]
[WhiteElo "1710"]
[BlackElo "1764"]
[Opening "Caro-Kann: Steinitz variation"]
[ECO "B17"]
[Time "13:04:53"]
[TimeControl "2700+45"]

1. e4 c6 2. d4 d5 3. Nc3 dxe4 4. Nxe4 Nd7 5. Nf3 Ngf6 6. Nxf6+ Nxf6 7. Bc4 e6 8.
O-O Be7 9. Bf4 b5 10. Bd3 Bb7 11. c3 a6 12. Ne5 O-O 13. Re1 c5 14. dxc5 Bxc5 15.
Qc2 Rc8 16. Rad1 Qb6 17. Be3 Bxe3 18. Rxe3 g6 19. Be2 Rfd8 20. Bf3 Nd5 21. Red3
Qc7 22. Ng4 Kg7 23. Qd2 Qe7 24. Qh6+ Kg8 25. Bxd5 Rxd5 26. Rxd5 Bxd5 27. Rd3 f5
28. Ne5 Rc7 29. a3 Qf6 30. Qe3 Qe7 31. Qb6 Ra7 32. Nc6 Bxc6 33. Qxc6 Kf7 34. g3
Qc7 35. Qf3 e5 36. Qd5+ Kf6 37. Kg2 Qb6 38. Qg8 Qc6+ 39. Kg1 Rd7 40. Qf8+ Kg5
41. Qe8 Rd6 42. Qe7+ Kh6 43. Qxd6 {Black resigns} 1-0

[Event "Team 45 45 League T59"]
[Site "Internet Chess Club"]
[Date "2013.12.19"]
[Round "5"]
[White "whiskeytown"]
[Black "Insan996"]
[Result "0-1"]
[WhiteElo "1575"]
[BlackElo "1605"]
[Opening "Caro-Kann: Bronstein-Larsen variation"]
[ECO "B16"]
[Time "12:07:22"]
[TimeControl "2700+45"]

1. e4 c6 2. d4 d5 3. Nc3 dxe4 4. Nxe4 Nf6 5. Nxf6+ gxf6 6. c3 Bf5 7. Nf3 Qc7 8.
g3 e6 9. Bg2 Nd7 10. O-O O-O-O 11. Re1 Bd6 12. Nh4 Bg6 13. b4 f5 14. Qa4 Qb6 15.
Be3 Qb5 16. Qxa7 Bh5 17. Bf1 Qb6 18. Qxb6 Nxb6 19. a4 Nd5 20. Bd2 Rhg8 21. b5 c5
22. dxc5 Bxc5 23. Bg2 Be7 24. Nf3 Bf6 25. Ne5 Ne7 26. Bf4 Nd5 27. Bxd5 Rxd5 28.
c4 Rd4 29. c5 Rxf4 30. Ng4 Rfxg4 31. Rac1 {White resigns} 0-1

[Event "Team 45 45 League T59"]
[Site "Internet Chess Club"]
[Date "2013.12.21"]
[Round "5"]
[White "JasonModer"]
[Black "mugurelt"]
[Result "0-1"]
[WhiteElo "1590"]
[BlackElo "1763"]
[Opening "Nimzo-Indian: Fischer variation, 5.Ne2"]
[ECO "E44"]
[Time "16:01:39"]
[TimeControl "2700+45"]

1. d4 Nf6 2. c4 e6 3. Nc3 Bb4 4. e3 b6 5. Ne2 Bb7 6. a3 Be7 7. Ng3 O-O 8. e4 d6
9. Bd3 c5 10. d5 Nbd7 11. O-O Ne5 12. Bf4 Ng6 13. Bd2 Bc8 14. h3 e5 15. Nf5 h6
16. Nxe7+ Qxe7 17. Re1 Nf4 18. Bxf4 exf4 19. Qf3 Qe5 20. Ne2 g5 21. b4 Rb8 22.
bxc5 bxc5 23. Rab1 Bd7 24. Bc2 Rb2 25. Rxb2 Qxb2 26. Qc3 Qxc3 27. Nxc3 Rb8 28.
Rb1 Rxb1+ 29. Bxb1 a6 30. Kf1 Kf8 31. Ke2 Ke7 32. Kd3 Bc8 33. Bc2 Nd7 34. Ne2
Ne5+ 35. Kc3 f3 36. gxf3 Nxf3 37. Kb3 Kd8 38. Ka4 Kc7 39. Ng3 Bxh3 40. Ka5 Bc8
41. Nf5 Bxf5 42. exf5 Kb7 43. Bd1 g4 44. Ka4 h5 45. Be2 h4 46. Bf1 h3 47. f6 Nd2
48. Bxh3 gxh3 49. Ka5 h2 50. f4 h1=Q 51. f5 Qd1 52. a4 Nb3# {White checkmated}
0-1

[Event "Team 45 45 League T59"]
[Site "Internet Chess Club"]
[Date "2013.12.23"]
[Round "5"]
[White "noblitz-oblige"]
[Black "wildcat2023"]
[Result "0-1"]
[WhiteElo "1595"]
[BlackElo "1531"]
[Opening "Giuoco Piano"]
[ECO "C54"]
[Time "10:08:45"]
[TimeControl "2700+45"]

1. e4 e5 2. Nf3 Nc6 3. Bc4 Bc5 4. c3 Nf6 5. d3 O-O 6. O-O d6 7. h3 a6 8. d4 Ba7
9. Re1 b5 10. Bd5 Nxd5 11. exd5 Ne7 12. dxe5 dxe5 13. Nxe5 Nxd5 14. Qf3 Bb7 15.
Nd2 Qd6 16. c4 Rae8 17. Qg3 Nb4 18. Qc3 Bd4 {White resigns} 0-1

[Event "Team 45 45 League T59"]
[Site "Internet Chess Club"]
[Date "2013.12.22"]
[Round "5"]
[White "Nxs123"]
[Black "RD1974"]
[Result "0-1"]
[WhiteElo "1525"]
[BlackElo "1702"]
[Opening "Sicilian: Kan, 5.Nc3"]
[ECO "B43"]
[Time "19:00:37"]
[TimeControl "2700+45"]

1. e4 c5 2. Nf3 e6 3. d4 cxd4 4. Nxd4 a6 5. Nc3 Qc7 6. a3 b5 7. Bd3 Bc5 8. Nb3
Be7 9. Be3 Bb7 10. Qd2 Nc6 11. O-O d6 12. f3 Ne5 13. Rad1 Nf6 14. Qf2 Nfd7 15.
Bd4 O-O 16. Qg3 Ng6 17. f4 e5 18. fxe5 dxe5 19. Be3 Nf6 20. Bg5 Nh5 21. Qh4 Nxh4
{White resigns} 0-1

[Event "Team 45 45 League T59"]
[Site "Internet Chess Club"]
[Date "2013.12.19"]
[Round "5"]
[White "pmxpp"]
[Black "DeltaChess"]
[Result "0-1"]
[WhiteElo "1362"]
[BlackElo "1340"]
[Opening "QGD Slav: 4.e3 Bf5"]
[ECO "D12"]
[Time "15:01:38"]
[TimeControl "2700+45"]

1. d4 d5 2. c4 c6 3. Nf3 Nf6 4. e3 Bf5 5. Nc3 e6 6. Bd3 Bg6 7. O-O Bd6 8. cxd5
exd5 9. Re1 O-O 10. a3 Qc7 11. h3 Nbd7 12. b4 Nb6 13. e4 dxe4 14. Nxe4 Nxe4 15.
Bxe4 Rae8 16. Bxg6 fxg6 17. Qb3+ Kh8 18. Bb2 Nd5 19. Rac1 Re7 20. Rxe7 Qxe7 21.
Re1 Qd8 22. Bc1 Re8 23. Rxe8+ Qxe8 24. Bd2 h6 25. Kf1 Qe4 26. g3 Qf5 27. Kg2 Qe4
28. Kf1 Qf5 29. Kg2 g5 30. Nh2 Qe4+ 31. Kf1 Qh1+ 32. Ke2 Qxh2 33. Qf3 Nf6 34.
Be1 Qxh3 35. b5 Qg4 36. Qxg4 Nxg4 37. bxc6 bxc6 38. Bb4 Bxb4 39. axb4 Nf6 40.
Kd3 a6 41. Kc4 Nd7 42. Kb3 Kg8 43. Ka4 Kf8 44. g4 Ke7 45. Ka5 Nb8 {White
resigns} 0-1

[Event "Team 45 45 League T59"]
[Site "Internet Chess Club"]
[Date "2013.12.27"]
[Round "5"]
[White "joehempel"]
[Black "portis2"]
[Result "1-0"]
[WhiteElo "1814"]
[BlackElo "1604"]
[Opening "Caro-Kann: Steinitz variation"]
[ECO "B17"]
[Time "15:00:14"]
[TimeControl "2700+45"]

1. e4 c6 2. d4 d5 3. Nc3 dxe4 4. Nxe4 Nd7 5. Nf3 Ngf6 6. Bd3 Nxe4 7. Bxe4 Nf6 8.
Bd3 Bg4 9. c3 e6 10. O-O Be7 11. Re1 O-O 12. Bf4 c5 13. Be5 cxd4 14. Bxd4 Qa5
15. Re5 Qc7 16. Qe2 Bd6 17. Rg5 Bxh2+ 18. Kh1 Bf4 19. Bxf6 Bxg5 20. Bxg5 Qc5 21.
Be3 Qh5+ 22. Kg1 Bxf3 23. gxf3 Rfd8 24. Kg2 f5 25. Rh1 Qg6+ 26. Kf1 Rd5 27. Bc4
Re5 28. f4 Ra5 29. Bd4 Qg4 30. Qxe6+ Kh8 31. Be2 Qg6 {Black resigns} 1-0

[Event "Team 45 45 League T59"]
[Site "Internet Chess Club"]
[Date "2014.01.05"]
[Round "5"]
[White "Schachteufel"]
[Black "amicusUK"]
[Result "1/2-1/2"]
[WhiteElo "1680"]
[BlackElo "1670"]
[Opening "French: advance, Milner-Barry gambit"]
[ECO "C02"]
[Time "07:00:19"]
[TimeControl "2700+45"]

1. e4 e6 2. d4 d5 3. e5 c5 4. c3 Qb6 5. Nf3 Nc6 6. Bd3 cxd4 7. cxd4 Bd7 8. O-O
Nxd4 9. Nxd4 Qxd4 10. Nc3 a6 11. Qf3 Ne7 12. Bf4 Bc6 13. Rfd1 Qb4 14. Rab1 d4
15. Ne4 Nd5 16. a3 Qb6 17. Qg4 Nxf4 18. Qxf4 Qc7 19. Rbc1 O-O-O 20. Bxa6 Kb8 21.
Bd3 f6 22. Nc5 Bxc5 23. Rxc5 Rd5 24. Rxd5 Bxd5 25. Qxd4 Qxe5 26. Qxe5+ fxe5 27.
Re1 h6 28. Rxe5 Rc8 29. f4 Rc1+ 30. Kf2 Rd1 31. Bf1 Rd2+ 32. Re2 Rd4 33. Ke3
Re4+ 34. Kf3 Rd4+ 35. Kg3 Bc4 36. Rf2 Bb3 37. f5 exf5 38. Rxf5 Be6 39. Re5 Ba2
40. Be2 Rd2 41. b4 Rd6 42. Bf3 Rd3 43. Re7 g6 44. Rxb7+ Kc8 45. a4 Rxf3+ 46.
gxf3 Kxb7 47. Kf4 {Game drawn by mutual agreement} 1/2-1/2

[Event "Team 45 45 League T59"]
[Site "Internet Chess Club"]
[Date "2013.12.22"]
[Round "5"]
[White "losscause"]
[Black "herrahuu"]
[Result "0-1"]
[WhiteElo "1607"]
[BlackElo "1517"]
[Opening "QGD Slav defense, Alekhine variation"]
[ECO "D10"]
[Time "13:03:47"]
[TimeControl "2700+45"]

1. d4 c6 2. c4 d5 3. Nc3 dxc4 4. e4 b5 5. a4 b4 6. Nce2 a5 7. Qc2 Nf6 8. Bg5 h6
9. Bxf6 exf6 10. O-O-O Be7 11. Nf4 O-O 12. Bxc4 Nd7 13. Ng6 Re8 14. Nf3 Nb6 15.
Nxe7+ Qxe7 16. Bxf7+ Qxf7 17. Qxc6 Qc4+ 18. Qxc4+ Nxc4 19. b3 Nd6 20. e5 Ne4 21.
Rhe1 Nc3 22. Rd2 Be6 23. Kb2 Rac8 24. Nh4 g5 25. Nf3 Nd5 26. g3 Rc3 27. Ng1 Nb6
28. Re3 Rec8 29. exf6 Rxe3 30. fxe3 Rc3 31. e4 Rxb3+ 32. Kc1 Rc3+ 33. Kb2 Nxa4+
34. Kb1 Bc4 35. d5 Bd3+ 36. Ka1 Rc1+ {White resigns} 0-1

[Event "Team 45 45 League T59"]
[Site "Internet Chess Club"]
[Date "2013.12.31"]
[Round "5"]
[White "Berke"]
[Black "stanbeers"]
[Result "1/2-1/2"]
[WhiteElo "1456"]
[BlackElo "1503"]
[Opening "Queen's pawn game"]
[ECO "A46"]
[Time "13:00:14"]
[TimeControl "2700+45"]

1. Nf3 Nf6 2. d4 e6 3. Bf4 c5 4. e3 d5 5. c3 Nc6 6. Bd3 c4 7. Bc2 Bd7 8. h3 b5
9. a3 Ne7 10. Nbd2 Ng6 11. Bh2 Bc6 12. Ne5 Bb7 13. O-O Bd6 14. f4 Bc7 15. Ndf3
Nxe5 16. fxe5 Ne4 17. Bxe4 dxe4 18. Nd2 Qe7 19. Qg4 f5 20. exf6 Bxh2+ 21. Kxh2
gxf6 22. Nxe4 Bxe4 23. Qxe4 {Game drawn by mutual agreement} 1/2-1/2

[Event "Team 45 45 League T59"]
[Site "Internet Chess Club"]
[Date "2013.12.23"]
[Round "5"]
[White "chess9793"]
[Black "MisterDoob"]
[Result "1-0"]
[WhiteElo "2124"]
[BlackElo "2294"]
[Opening "French: Tarrasch, closed variation, main line"]
[ECO "C06"]
[Time "13:01:07"]
[TimeControl "2700+45"]

1. e4 e6 2. d4 d5 3. Nd2 Nf6 4. e5 Nfd7 5. Bd3 c5 6. c3 Nc6 7. Ne2 cxd4 8. cxd4
f6 9. exf6 Nxf6 10. Nf3 Bd6 11. O-O O-O 12. Bf4 Bxf4 13. Nxf4 Ne4 14. g3 Ng5 15.
Ne5 Rxf4 16. gxf4 Nh3+ 17. Kh1 Nxf4 18. Rg1 Qf6 19. Rg4 Nxd3 20. Qxd3 Nxe5 21.
dxe5 Qxe5 22. Qb5 Kf7 23. Rag1 g6 24. Rh4 h6 25. Qb4 Qg7 26. Qf4+ Qf6 27. Qxf6+
Kxf6 28. Rxh6 Bd7 29. Rhxg6+ Ke5 30. Rg8 Rxg8 31. Rxg8 d4 32. Kg1 Bc6 33. Kf1
Bd5 34. b3 Bf3 35. Ke1 Ke4 36. Kd2 b5 37. Ra8 e5 38. Rxa7 b4 39. h4 Bg4 40. Rf7
Kd5 41. Rg7 Bf3 42. Rg8 Ke4 43. Rh8 {Black resigns} 1-0

[Event "Team 45 45 League T59"]
[Site "Internet Chess Club"]
[Date "2013.12.23"]
[Round "5"]
[White "jjimalo"]
[Black "chessfan"]
[Result "1-0"]
[WhiteElo "1984"]
[BlackElo "1815"]
[Opening "King's Indian: fianchetto without c4"]
[ECO "A49"]
[Time "14:02:14"]
[TimeControl "2700+45"]

1. d4 Nf6 2. Nf3 g6 3. g3 c5 4. d5 d6 5. Bg2 Bg7 6. O-O Na6 7. c4 Nc7 8. Nc3 Bd7
9. a4 O-O 10. h3 h6 11. e4 Nh7 12. Be3 Na6 13. Qd2 g5 14. h4 f6 15. hxg5 fxg5
16. e5 dxe5 17. Ne4 Qc7 18. d6 exd6 19. Bxg5 hxg5 20. Nfxg5 Nxg5 21. Nxg5 Kh8
22. Bd5 Rf6 23. Kg2 Be8 24. Rh1+ Bh6 25. Rxh6+ Rxh6 26. Nf7+ Bxf7 27. Qxh6+ Kg8
28. Qg6+ Kf8 29. Qf6 Kg8 30. Rh1 Bxd5+ 31. cxd5 Qg7 32. Qe6+ Qf7 33. Rh8+ Kxh8
34. Qxf7 Nb4 35. Qf6+ Kg8 36. Qxd6 e4 37. Qg6+ Kh8 38. Qxe4 Kg7 39. Qe7+ {Black
resigns} 1-0

[Event "Team 45 45 League T59"]
[Site "Internet Chess Club"]
[Date "2013.12.19"]
[Round "5"]
[White "jrobic7"]
[Black "BuddyT"]
[Result "0-1"]
[WhiteElo "1759"]
[BlackElo "1896"]
[Opening "French: Steinitz, Boleslavsky variation"]
[ECO "C11"]
[Time "21:00:56"]
[TimeControl "2700+45"]

1. e4 e6 2. d4 d5 3. Nc3 Nf6 4. e5 Nfd7 5. f4 c5 6. Nf3 Nc6 7. Be3 Be7 8. Qd2
O-O 9. O-O-O c4 10. f5 b5 11. Nxb5 Rb8 12. f6 Qb6 13. fxe7 Nxe7 14. g4 Qxb5 15.
c3 Qa5 16. Kb1 Nb6 17. Rc1 Na4 18. Rc2 Bd7 19. Be2 Rb3 20. axb3 cxb3 21. c4
bxc2+ 22. Qxc2 Rb8 23. Bc1 {White resigns} 0-1

[Event "Team 45 45 League T59"]
[Site "Internet Chess Club"]
[Date "2013.12.19"]
[Round "5"]
[White "justice02"]
[Black "LiangLiang"]
[Result "1/2-1/2"]
[WhiteElo "1800"]
[BlackElo "1690"]
[Opening "King's Indian: fianchetto, Yugoslav, 7.O-O"]
[ECO "E65"]
[Time "20:30:10"]
[TimeControl "2700+45"]

1. Nf3 Nf6 2. c4 g6 3. g3 Bg7 4. Bg2 O-O 5. O-O d6 6. Nc3 c5 7. d4 cxd4 8. Nxd4
a6 9. e3 Qc7 10. b3 Bd7 11. Bb2 Nc6 12. Rc1 Rac8 13. Nxc6 Bxc6 14. Nd5 Bxd5 15.
cxd5 Qd7 16. Qe2 b5 17. Rfe1 Rc5 18. e4 Rfc8 19. Ba3 Rxc1 20. Rxc1 Rxc1+ 21.
Bxc1 Qc7 22. Be3 Qc3 23. Bf1 Nxe4 24. Bf4 Qd4 25. Bg2 f5 26. Qc2 Nc3 27. Bg5 Bf6
28. Bd2 Kf7 29. Bxc3 Qxc3 30. Qe2 Kg7 31. Qd1 Qa1 32. Qxa1 Bxa1 33. Kf1 Bc3 34.
Ke2 Bb4 35. Kd3 Kf6 36. h4 Ke5 37. f4+ Kf6 38. Ke2 Kf7 39. Bf3 Ke8 40. h5 Kd7
41. hxg6 hxg6 42. g4 Kc7 43. gxf5 gxf5 44. Bh5 Kd7 45. Bf7 Kc7 46. Be6 Ba3 47.
Bxf5 Kb6 48. Be6 Kc5 49. Kd3 Bb2 50. Kc2 Bf6 51. a3 a5 52. a4 b4 53. Kd3 Bc3 54.
f5 Kb6 55. Kc4 Be1 56. Bf7 Bc3 {Game drawn by mutual agreement} 1/2-1/2

[Event "Team 45 45 League T59"]
[Site "Internet Chess Club"]
[Date "2013.12.20"]
[Round "5"]
[White "Pomberito"]
[Black "xwang1"]
[Result "1-0"]
[WhiteElo "2150"]
[BlackElo "2138"]
[Opening "Sicilian: Kan, 5.Nc3"]
[ECO "B43"]
[Time "19:35:55"]
[TimeControl "2700+45"]

1. e4 c5 2. Nf3 e6 3. d4 cxd4 4. Nxd4 a6 5. Nc3 b5 6. Bd3 Qb6 7. Nb3 Qc7 8. O-O
Nc6 9. f4 Nf6 10. e5 b4 11. Ne4 Nxe4 12. Bxe4 d5 13. Bd3 Be7 14. Be3 O-O 15. Rf3
a5 16. Rh3 g6 17. Qg4 a4 18. Nd2 f5 19. Qe2 Na5 20. Nf3 Nc4 21. Bxc4 dxc4 22.
Nd4 Bd7 23. g4 fxg4 24. Qxg4 Bc5 25. Rd1 Qb6 26. c3 bxc3 27. bxc3 Bc8 28. Rh6
Ra7 29. h4 Kg7 30. Qg5 Be7 31. Nf5+ Rxf5 32. Bxb6 Bxg5 33. hxg5 Rd7 34. Rxd7+
Bxd7 35. Rh4 Bc6 36. Kf2 Rf7 37. Bd8 Rb7 38. Bf6+ Kg8 39. f5 gxf5 40. Rxc4 Bd5
41. Rxa4 Rb2+ 42. Ke3 Rxa2 43. Rb4 Kf7 44. Rh4 Kg8 45. c4 Be4 46. Be7 Ra4 47.
Kd4 Bd5 48. Kc3 Be4 49. Rh6 Ra6 50. Bd6 f4 51. Rxe6 f3 52. Rf6 Ra2 53. Bc5 Re2
54. e6 Bg6 55. e7 Re5 56. Rf8+ {Black resigns} 1-0

[Event "Team 45 45 League T59"]
[Site "Internet Chess Club"]
[Date "2013.12.21"]
[Round "5"]
[White "iletrado"]
[Black "laurenpar"]
[Result "1/2-1/2"]
[WhiteElo "1818"]
[BlackElo "1900"]
[Opening "Queen's pawn game"]
[ECO "A46"]
[Time "07:31:50"]
[TimeControl "2700+45"]

1. d4 Nf6 2. Nf3 c5 3. g3 cxd4 4. Nxd4 e5 5. Nb3 d5 6. Bg2 Nc6 7. O-O h6 8. Nc3
Be6 9. Na4 b6 10. c4 Rc8 11. cxd5 Nxd5 12. Bd2 Be7 13. Nc3 Nf6 14. Ne4 O-O 15.
Rc1 Nd5 16. Nc3 Qd7 17. Nxd5 Bxd5 18. Bxd5 Qxd5 19. Be3 Qe6 20. Qd3 Nb4 21. Qb1
h5 22. h4 Qg4 23. Kh2 Nd5 24. Qd3 Rfd8 25. Rxc8 Qxc8 26. Rc1 Qe6 27. Qe4 Nf6 28.
Qc4 Ng4+ 29. Kg1 Qxc4 30. Rxc4 Nxe3 31. fxe3 Rd7 32. a4 Bd8 33. Kf2 Kf8 34. a5
Ke7 35. axb6 axb6 36. Rc6 Rd6 37. Rc1 Rd5 38. Rc2 Kd7 39. Kf3 Rb5 40. Nd2 Rc5
41. Rxc5 bxc5 42. e4 Ke6 43. Nc4 g6 44. Ne3 f5 45. Nd5 Ba5 46. Nc3 c4 47. exf5+
gxf5 48. e4 Bb6 49. Nd5 Bd8 50. Ne3 f4 51. Nxc4 fxg3 52. Kxg3 Be7 53. Ne3 Bb4
54. Kf3 Be1 55. Nf5 Kd7 56. Ke2 Ba5 57. Kd3 Be1 58. Kc4 Kc6 59. Ng7 Bxh4 60.
Nxh5 Be7 61. Ng7 Bf6 62. Nf5 Bg5 63. b4 Bd8 64. b5+ Kb6 65. Ne3 Bh4 66. Nd5+ Kb7
67. Kc5 Bf2+ 68. Kd6 Bd4 69. b6 Bb2 70. Kc5 Bd4+ 71. Kb5 Bf2 {Game drawn by
mutual agreement} 1/2-1/2

[Event "Team 45 45 League T59"]
[Site "Internet Chess Club"]
[Date "2013.12.22"]
[Round "5"]
[White "arhrid"]
[Black "Heian"]
[Result "0-1"]
[WhiteElo "1812"]
[BlackElo "1863"]
[Opening "Ruy Lopez: Classical defense deferred"]
[ECO "C70"]
[Time "15:00:59"]
[TimeControl "2700+45"]

1. e4 e5 2. Nf3 Nc6 3. Bb5 a6 4. Ba4 Bc5 5. c3 b5 6. Bc2 d6 7. O-O Bg4 8. h3 h5
9. d3 Qf6 10. Nbd2 Nge7 11. a4 b4 12. Qe2 Ng6 13. Nc4 Nh4 14. hxg4 hxg4 15. Nh2
g3 16. Ng4 Nf3+ 17. Qxf3 Qh4 18. Bh6 Rxh6 19. Nxh6 Qh2# {White checkmated} 0-1